 Dungeon Crawl Stone Soup version 0.27-a0-1147-gb3d8e82157 (webtiles) character file.

Game seed: 10132340530619095640

136 bilbop the Magician (level 5, -4/37 HPs)
             Began as a Djinni Ice Elementalist on May 12, 2021.
             Killed from afar by Sigmund (8 damage)
             ... with a magic dart
             ... on level 2 of the Dungeon.
             The game lasted 00:15:41 (2561 turns).

bilbop the Magician (Djinni Ice Elementalist)       Turns: 2561, Time: 00:15:41

Health: -4/37      AC:  7    Str:  7    XL:     5   Next: 19%
Gold:   24         EV: 11    Int: 17    God:
                   SH:  0    Dex: 14

rFire    + + .     SeeInvis .   a - +0 dagger
rCold    x . .     Faith    +   (no shield)
rNeg     + . .     Spirit   .   l - +0 leather armour
rPois    ∞         Reflect  .   (no helmet)
rElec    .         Harm     .   (no cloak)
rCorr    .         Rampage  .   (no gloves)
Will     .....                  (boots unavailable)
Stlth    ++........             e - amulet of faith
HPRegen  0.12/turn              i - ring of positive energy
MPRegen  0.00/turn              (no ring)

@: ice-armoured, flying
A: sickness immunity, fire resistance 2, cold vulnerability 1, float, innate
caster, hp casting, extra vitality 1
a: no special abilities


You were on level 2 of the Dungeon.
You visited 1 branch of the dungeon, and saw 2 of its levels.

You collected 24 gold pieces.

Inventory:

Hand Weapons
 a - a +0 dagger (weapon)
 b - a +0 hunting sling
Missiles
 c - 2 throwing nets
 d - 18 sling bullets
 h - 51 stones
Armour
 f - a +0 robe
 l - a +0 leather armour (worn)
Jewellery
 e - an amulet of faith (around neck)
 i - a ring of positive energy (left hand)
Scrolls
 j - a scroll of identify {unknown}
 k - a scroll of magic mapping {unknown}
Potions
 g - a potion of invisibility {unknown}


   Skills:
 + Level 1.3 Fighting
 + Level 1.3 Long Blades
 + Level 0.9 Slings
 - Level 2.1 Dodging
 + Level 2.3 Stealth
 * Level 4.2 Spellcasting
 + Level 1.4 Invocations


You couldn't memorise any spells.
You knew the following spells:

 Your Spells              Type           Power      Damage    Failure   Level
a - Freeze                Ice            72%        1d9       4%          1
b - Frozen Ramparts       Ice            36%        1d5       12%         3
c - Ozocubu's Armour      Ice            18%        N/A       12%         3
d - Hailstorm             Conj/Ice       18%        3d6       38%         4
e - Metabolic Englaciati  Hex/Ice        9%         N/A       75%         5
f - Foxfire               Conj/Fire      72%        2x1d7     4%          1
g - Corpse Rot            Necr/Air       N/A        N/A       6%          2
Your spell library was empty.

Dungeon Overview and Level Annotations

Branches:
Dungeon (2/15)

Altars:

Annotations:
D:2 Sigmund


Innate Abilities, Weirdness & Mutations

You are immune to sickness and miasma.
You are immune to poison.
Your flesh is very heat resistant. (rF++)
You are vulnerable to cold. (rC-)
You float through the air rather than walking.
You learn spells naturally, not from books.
Your magical power is your life essence.
You have superior vitality. (+4 HP)


Message History

Sigmund is moderately wounded.
The foxfire hits Sigmund.
Sigmund is moderately wounded.
Sigmund zaps a wand.
The puff of flame hits you. You resist.
* * * LOW HITPOINT WARNING * * *
The heat melts your icy armour.
Casting: Foxfire (safe; 4% risk of failure)
Confirm with . or Enter, or press ? or * to list all spells.
You conjure some foxfire!
* * * LOW HITPOINT WARNING * * *
Sigmund barely misses you.
The foxfire hits Sigmund but does no damage.
Sigmund is moderately wounded.
The foxfire hits Sigmund but does no damage.
Sigmund is moderately wounded.
Sigmund barely misses you.
Casting: Foxfire (safe; 4% risk of failure)
Confirm with . or Enter, or press ? or * to list all spells.
You conjure some foxfire!
* * * LOW HITPOINT WARNING * * *
Sigmund completely misses you.
The foxfire hits Sigmund.
Sigmund is heavily wounded.
The foxfire hits Sigmund.
Sigmund is severely wounded.
Sigmund zaps a wand.
The puff of flame hits you. You resist.
* * * LOW HITPOINT WARNING * * *
The heat melts your icy armour.
Casting: Foxfire (safe; 4% risk of failure)
Confirm with . or Enter, or press ? or * to list all spells.
You conjure some foxfire!
* * * LOW HITPOINT WARNING * * *
Sigmund drinks a potion.
Sigmund is healed!
The foxfire hits Sigmund.
Sigmund is lightly wounded.
The foxfire hits Sigmund.
Sigmund is moderately wounded.
Sigmund points at you and mumbles some strange words.
The magic dart hits you!
You die...

### #........ ###...
####..### ......###
#....... ..
...#########.#.....
#.##.#.......#.##....
#......#####.#.#####.
####.#######.#.#####)
#.#####§##...##.........
#....@.@##.#......######
##########.....)....#
#>....##.#.##..#.####
#....................
#......#########.....
#.........o... ##....
#.......≈...o. #..##
#####......o.. #..##
#......oo. ⌠#. ##


You could see Sigmund.

Vanquished Creatures
  3 orc priests (D:2)
  A dart slug (D:2)
  3 orcs (D:2)
  2 endoplasms (D:1)
  4 giant cockroaches
  4 goblins (D:1)
  A hobgoblin (D:1)
  3 jackals (D:1)
  3 kobolds
  3 quokkas (D:1)
  6 ball pythons
  3 bats
  3 frilled lizards (D:1)
  5 rats
44 creatures vanquished.

Vanquished Creatures (others)
  42 foxfires (D:2)
42 creatures vanquished.

Grand Total: 86 creatures vanquished

Notes
Turn   | Place    | Note
-------+----------+-------------------------------------------
     0 | D:1      | bilbop the Djinni Ice Elementalist began the quest for the
                  | Orb.
     0 | D:1      | Reached XP level 1. HP: 15/15 MP: 0/0
   380 | D:1      | Reached XP level 2. HP: 12/22 MP: 0/0
  1235 | D:1      | Reached XP level 3. HP: 21/26 MP: 0/0
  1235 | D:1      | Learned a level 1 spell: Foxfire
  1962 | D:2      | Reached skill level 1 in Fighting
  1962 | D:2      | Reached skill level 1 in Long Blades
  1962 | D:2      | Reached skill level 4 in Spellcasting
  1962 | D:2      | Reached skill level 1 in Invocations
  1962 | D:2      | Reached XP level 4. HP: 11/32 MP: 0/0
  2224 | D:2      | Reached XP level 5. HP: 16/37 MP: 0/0
  2224 | D:2      | Learned a level 2 spell: Corpse Rot
  2547 | D:2      | Noticed Sigmund
  2561 | D:2      | Killed from afar by Sigmund

Illustrated notes

Levels and vault maps discovered:
D:1:      minmay_arrival_solitary_statue, layout_basic
D:2:      cheibrodos_pilgrimage, layout_loops_cross, basic_altar,
          hellmonk_ecumenical_altar_inner_sanctum, uniq_robin, uniq_sigmund

Skill      XL: |  1  2  3 |
---------------+----------+-----
Stealth        | 2 |  2.3
Fighting       | 1 |  1.3
Long Blades    | 1 |  1.3
Spellcasting   | 4 |  4.2
Invocations    | 1 |  1.4
Slings         | |  0.9
Dodging        | |  2.1

Action                   |  1- 3 |  4- 6 || total
-------------------------+-------+-------++-------
Melee: Dagger            |    16 |     1 ||    17
 Fire: Hunting sling     |    22 |       ||    22
 Cast: Freeze            |    36 |     5 ||    41
       Foxfire           |     4 |    20 ||    24
       Ozocubu's Armour  |       |     1 ||     1
 Stab: Sleeping          |     4 |       ||     4
Armor: Robe              |     8 |       ||     8
Dodge: Dodged            |    23 |     8 ||    31

Table legend: (Time is in decaauts)
 A = Elapsed time spent in this place.
 B = Non-inter-level travel time spent in this place.
 C = Inter-level travel time spent in this place.
 D = Time resting spent in this place.
 E = Time spent auto-exploring this place.
 F = Levels seen in this place.
 G = Mean time per level.
                   A        B        C        D        E       F      G
               +--------+--------+--------+--------+--------+-----+--------+
         Total |   2554 |   2462 |     92 |    900 |   1212 |   2 | 1277.0 |
       Dungeon |   2554 |   2462 |     92 |    900 |   1212 |   2 | 1277.0 |
               +--------+--------+--------+--------+--------+-----+--------+

Top non-repeatable levels by time:
     D:1: 1662 daAuts
     D:2: 891 daAuts
